Cogmind - Beta 15 @@@ ROGUE MODE // 2025.06.24 @ 02:50:01 Player: Mogwok Wargfriend Result: Smashed by cave-in Performance ------------- Evolutions (0) 0 Regions Visited (2) 400 Robots Destroyed (14) 70 Value Destroyed (223) 223 Prototype IDs (0) 0 Alien Tech Used (0) 0 Bonus (0) 0 TOTAL SCORE: 693 Bonus ------- None Cogmind --------- Core Integrity 0/250 Matter 295/300 Energy 103/125 System Corruption 1% Temperature Cool (0) Movement Rolling (105) Location -10/Subcaves Parts ------- > --- POWER (1) -------- Light Ion Engine > --- PROPULSION (2) --- Compact Wheel Subdweller Monowheel > --- UTILITY (2) ------ Medium Storage Unit Hardened Light Armor Plating > --- WEAPON (2) ------- Beam Rifle > --- INVENTORY (10) --- Light Ion Engine Aluminum Leg Heat Sink Hardened Light Armor Plating Hacking Suite Makeshift Hacking Suite Beam Rifle Beam Rifle Assault Rifle Grenade Launcher Peak State ------------ > --- POWER ------------ Light Ion Engine > --- PROPULSION ------- Compact Wheel Subdweller Monowheel > --- UTILITY ---------- Medium Storage Unit Hardened Light Armor Plating > --- WEAPON ----------- Beam Rifle Assault Rifle > --- INVENTORY -------- Light Ion Engine Aluminum Leg Heat Sink Hardened Light Armor Plating Hacking Suite Beam Rifle Beam Rifle Grenade Launcher Datajack Mining Laser [Rating: 11] Favorites ----------- Power Light Ion Engine Engine Light Ion Engine Propulsion Compact Wheel Wheel Compact Wheel Utility Medium Storage Unit Device Seismic Detector Storage Medium Storage Unit Protection Hardened Light Armor Plating Weapon Assault Rifle Energy Gun Small Laser Ballistic Gun Assault Rifle Launcher Grenade Launcher Special Weapon Mining Laser Build | -11 -10 -10 ------- Run | Yrd Mat Sub Slots Evolved . | . . . Power . | . . . Propulsion . | . . . Utility . | . . . Weapon . | . . . Parts Attached 20 | 9 9 2 Power 2 | 1 1 . Engine 2 | 1 1 . Core . | . . . Reactor . | . . . Propulsion 7 | 4 2 1 Treads . | . . . Leg . | . . . Wheel 7 | 4 2 1 Hover . | . . . Flight . | . . . Utility 4 | 2 2 . Device 1 | 1 . . Storage 2 | 1 1 . Processor . | . . . Hackware . | . . . Protection 1 | . 1 . Artifact . | . . . Weapon 7 | 2 4 1 Energy Gun 3 | 1 2 . Energy Cannon . | . . . Ballistic Gun 2 | 1 1 . Ballistic Cannon . | . . . Launcher 1 | . 1 . Special Weapon 1 | . . 1 Impact Weapon . | . . . Slashing Weapon . | . . . Piercing Weapon . | . . . Special Melee Weapon . | . . . Unidentified Prototypes . | . . . Parts Lost 4 | . 3 1 Power 1 | . 1 . Propulsion 1 | . 1 . Utility . | . . . Weapon 2 | . 1 1 Highest Loss Streak 3 | . 3 1 To Critical Strikes . | . . . Average Backups 9 | 5 9 10 Power . | . . 1 Propulsion 1 | 3 1 1 Utility 2 | . 2 3 Weapon 2 | . 3 4 Tool/Special . | . . . Unused Backups 17 | . 8 9 Power 1 | . . 1 Propulsion 5 | . 4 1 Utility 6 | . 2 4 Weapon 4 | . 2 2 Tool/Special 1 | . . 1 Average Slot Usage (%) 99 | . 99 100 Engine 14 | . 14 14 Wheel 27 | . 27 28 Device 7 | . 9 . Storage 14 | . 14 14 Protection 6 | . 4 14 Energy Gun 11 | . 11 14 Ballistic Gun 15 | . 16 11 Peak Build Rating 11 | 7 10 11 Average Rating 8 | 5 8 10 On Entrance 5 | . 7 10 Naked Turns . | . . . Heaviest Build 23 | 12 23 23 Greatest Support 36 | 32 32 36 Greatest Overweight (x) . | . . . Average Overweight (x) . | . . . Largest Inventory Capacity 10 | 8 10 10 Average Capacity 9 | 7 9 10 Most Carried 10 | 8 10 10 Average Carried 9 | 5 9 9 Final Capacity 10 | 8 10 10 Final Carried 10 | 8 10 10 Class Distribution -------------------- 86% | Mutant 13% | Scavenger-Mutant Dominant Class ---------------- Mutant | -10/Materials Mutant | -10/Subcaves Resources | -11 -10 -10 ----------- Run | Yrd Mat Sub Matter Collected 492 | 304 134 54 Remotely . | . . . Salvage Created 472 | 183 249 40 Parts 35 | 14 19 2 Haulers Intercepted . | . . . Recyclers Shooed 1 | . 1 . Parts Field Recycled . | . . . Retrieved Matter . | . . . Parts Self-Destructed 11 | . . 11 Prevented . | . . . Kills | -11 -10 -10 ------- Run | Yrd Mat Sub Combat Hostiles Destroyed 6 | . 5 1 Guns 6 | . 5 1 Classes Destroyed 7 | 2 4 1 Tunneler 4 | 4 . . Recycler 2 | 1 1 . Operator 1 | . 1 . Watcher 1 | . 1 . Swarmer 3 | . 3 . Grunt 2 | . 2 . Subdweller 1 | . . 1 Best Kill Streak 4 | 2 4 1 Combat Bots Only 4 | . 4 1 Max Kills in Single Turn 2 | 2 1 1 Gunslinging . | . . . Exploded . | . . . Melee . | . . . Uniques/NPCs Destroyed . | . . . Combat | -11 -10 -10 -------- Run | Yrd Mat Sub Hostile Shots Fired 32 | . 27 5 Missed 3 | . 2 1 Hits 29 | . 25 4 Projectile 29 | . 25 4 Damage Taken 697 | . 324 373 Core 251 | . 119 132 Absorbed by Shields . | . . . Core Remaining (%) 100 | 100 . . Volleys Fired 56 | 14 29 13 Largest 2 | 2 2 2 Hottest 100 | 60 76 100 Shots Fired 102 | 28 57 17 Gun 92 | 28 56 8 Cannon . | . . . Launcher 1 | . 1 . Special 9 | . . 9 Kinetic 57 | 14 39 4 Thermal 22 | . 9 13 Explosive 1 | . 1 . Electromagnetic 22 | 14 8 . Robot Hit Streak 11 | 4 11 8 Robot Miss Streak 4 | 4 4 . Penetration Max . | . . . Secondary Targets 1 | . 1 . Max Gunslinging Chain 1 | . 1 . Shots Hit Robots 61 | 15 39 7 Core Hits 25 | 7 16 2 Critical Kills 1 | . 1 . Critical Parts Destroyed . | . . . Critical Strikes 2 | . 1 1 Burn 1 | . . 1 Destroy 1 | . 1 . Melee Attacks . | . . . Impact . | . . . Slashing . | . . . Piercing . | . . . Sneak Attacks . | . . . Combat Hostiles . | . . . Follow-up Attacks . | . . . Damage Inflicted 802 | 242 463 97 Guns 643 | 164 382 97 Cannons . | . . . Explosions 159 | 78 81 . Melee . | . . . Ramming . | . . . Kinetic 345 | 61 245 39 Thermal 234 | 78 98 58 Explosive 47 | . 47 . Electromagnetic 176 | 103 73 . Impact . | . . . Slashing . | . . . Piercing . | . . . Highest Corruption . | . . . Average Corruption . | . . . Corruption Purged . | . . . Corruption Blocked . | . . . Overload Shots . | . . . Overflow Damage . | . . . Projectiles . | . . . Explosions . | . . . Melee . | . . . Knockbacks . | . . . Impact . | . . . Kinetic . | . . . Secondary . | . . . Self-Inflicted Damage 66 | . 66 . Shots 2 | . 2 . Rammed . | . . . Targets Rammed . | . . . Kicked . | . . . Crushed . | . . . Highest Temperature 88 | 60 88 . Average Temperature 29 | 29 30 . Received Heat Transfer 117 | . 81 36 Siege Activations . | . . . Martial Activations . | . . . Shielding Activations . | . . . Robots Disrupted . | . . . Combat Hostiles . | . . . Robots Corrupted . | . . . Combat Hostiles . | . . . Parts Fried . | . . . Impact Corruptions . | . . . Robots Melted . | . . . Combat Hostiles . | . . . Parts Melted 1 | . 1 . Heat Transferred 472 | 50 200 222 Parts Sabotaged . | . . . Parts Stolen . | . . . Parts Stripped . | . . . Power Chain Reactions 2 | 1 1 . Alert | -11 -10 -10 ------- Run | Yrd Mat Sub Maximum Alert Level . | . . . Low Security (%) 100 | 100 100 . Level 1 . | . . . Level 2 . | . . . Level 3 . | . . . Level 4 . | . . . Level 5 . | . . . High Security . | . . . Max Security . | . . . Peak Influence 86 | 10 86 . Initial . | . . . Average 16 | 1 19 . Influence Increases 215 | 25 190 . Destroy 0b10 Robot/C 100 | . 100 . Destroy 0b10 Robot/NC 40 | 25 15 . Destroy Leader 22 | . 22 . Successful Hack 12 | . 12 . Destroy Structure 11 | . 11 . Lose Combat Pursuer 30 | . 30 . Influence Decreases 215 | 25 190 . Time Decay 185 | 25 160 . Lost Part 30 | . 30 . Squads Dispatched 1 | . 1 . Investigation . | . . . Extermination . | . . . Reinforcement 1 | . 1 . Assault . | . . . Garrison . | . . . Intercept . | . . . Searches Triggered . | . . . Construction Impeded . | . . . Haulers Reinforced . | . . . Active Scanning Responses . | . . . Cargo Convoy Interrupts . | . . . Stealth | -11 -10 -10 --------- Run | Yrd Mat Sub Distress Signals 1 | . 1 . Communications Jammed . | . . . Distress Signals . | . . . Times Spotted 14 | . 13 1 Peak Tracking Total 6 | . 6 1 Tactical Retreats 2 | . 2 . Traps | -11 -10 -10 ------- Run | Yrd Mat Sub Traps Triggered 1 | . . 1 Indirectly . | . . . Trap Hack Attempts . | . . . Triggered . | . . . Disarmed . | . . . Reprogrammed . | . . . Reused . | . . . Traps Extracted . | . . . Installed . | . . . Triggered . | . . . Machines | -11 -10 -10 ---------- Run | Yrd Mat Sub Machines Disabled . | . . . Max in Single Turn . | . . . Machines Repaired . | . . . Machines Dismantled . | . . . Machines Sabotaged . | . . . Overloaded Fab Kills . | . . . Hacking | -11 -10 -10 --------- Run | Yrd Mat Sub Machines Accessed 3 | . 3 . Terminals 2 | . 2 . Fabricators . | . . . Repair Stations . | . . . Recycling Units 1 | . 1 . Scanalyzers . | . . . Garrison Access . | . . . Total Hacks 7 | . 7 . Successful 3 | . 3 . Failed 4 | . 4 . Catastrophic 1 | . 1 . Database Lockouts . | . . . Manual 7 | . 7 . Terminals 5 | . 5 . Fabricators . | . . . Repair Stations . | . . . Recycling Units 2 | . 2 . Scanalyzers . | . . . Garrison Access . | . . . Terminal Hacks . | . . . Fabricator Hacks . | . . . Repair Station Hacks . | . . . Recycling Unit Hacks . | . . . Scanalyzer . | . . . Garrison Access Hacks . | . . . Unauthorized Hacks 3 | . 3 . Terminals 2 | . 2 . Botnet 1 | . 1 . Operators 1 | . 1 . Fabricators . | . . . Repair Stations . | . . . Recycling Units 1 | . 1 . Reject 1 | . 1 . Scanalyzers . | . . . Garrison Access . | . . . Data Cores Recovered . | . . . Used . | . . . Hacking Detections 2 | . 2 . Full Trace Events . | . . . Feedback Events . | . . . Feedback Blocked . | . . . Robot Schematics Acquired . | . . . Robots Built . | . . . Authchips . | . . . Time . | . . . Total Robot Build Rating . | . . . Part Schematics Acquired . | . . . Parts Built . | . . . Authchips . | . . . Time . | . . . Total Part Build Rating . | . . . Parts Repaired . | . . . Time . | . . . Parts Recycled . | . . . Recycled Matter . | . . . Retrieved Matter . | . . . Retrieved Components . | . . . Parts Scanalyzed . | . . . Part Schematics Acquired . | . . . Parts Damaged . | . . . Bothacking | -11 -10 -10 ------------ Run | Yrd Mat Sub Used RIF Installer . | . . . Robots Hacked . | . . . Non-combat . | . . . Combat . | . . . Robot Hacks Applied . | . . . Relay Couplers Released . | . . . Fabnet Peak Effective % . | . . . Robots Rewired . | . . . Allies Hacked . | . . . Hacks Repelled . | . . . Allies | -11 -10 -10 -------- Run | Yrd Mat Sub Total Allies . | . . . Largest Group . | . . . Highest-Rated Group . | . . . Highest-Rated Ally . | . . . Total Orders . | . . . Ally Attacks . | . . . Total Damage . | . . . Kills . | . . . Allies Corrupted . | . . . Allies Melted . | . . . Intel | -11 -10 -10 ------- Run | Yrd Mat Sub Active Infowar (turns) 525 | 46 479 . Seismic 525 | 46 479 . Robot Analysis Total . | . . . Derelict Logs Recovered . | . . . Drone Launches . | . . . Drone Recoveries . | . . . Exploration | -11 -10 -10 ------------- Run | Yrd Mat Sub Turns Passed 1084 | 156 717 211 Spaces Moved 862 | 105 604 153 Core 5 | 5 . . Treads . | . . . Legs . | . . . Wheels 857 | 100 604 153 Hover . | . . . Flight . | . . . Fastest Speed 50 | 50 80 100 Average Speed 94 | 89 92 102 Slowest Speed 105 | 100 100 105 Overloaded Moves . | . . . Propulsion Burnouts . | . . . Robots Hopped . | . . . Potential Cave-ins . | . . . Cave-ins Triggered 1 | . . 1 Exploration Rate (%) 31 | 5 81 9 Regions Visited 2 Branch Regions 1 Pre-discovered Areas . | . . . Known Exits Taken . | . . . Unknown Exits Taken 2 | 1 1 . Scrap Searched 5 | . . 5 Spaces Dug 1 | . . 1 Terrain Destroyed 24 | 2 16 6 Melee . | . . . Projectile 6 | . . 6 AOE 18 | 2 16 . Terrain Rammed . | . . . Walls Destroyed . | . . . Machines Disabled . | . . . Actions | -11 -10 -10 --------- Run | Yrd Mat Sub Total 1031 | 138 717 176 Wait 49 | . 48 1 Move 860 | 104 603 153 Hop . | . . . Pick Up 25 | 8 14 3 Fast Attach 11 | 9 2 . Attach 3 | . 3 . Detach 1 | 1 . . Swap 6 | . 4 2 Drop 20 | 2 14 4 Fire 56 | 14 29 13 Melee . | . . . Ram . | . . . Kick . | . . . Crush . | . . . Escape Stasis . | . . . Rewire . | . . . Trap . | . . . Miscellaneous . | . . . Route ------- -11/Scrapyard -10/Materials (discovered 4 exits: [*Mat x2] / [*Min] / [*Sub]) -10/Subcaves History --------- Turn | Location | Event 30 | -11/Scrapyard | Discovered new exit (range 16) 157 | -11/Scrapyard | Entered Materials 255 | -10/Materials | Discovered new exit (range 6) 310 | -10/Materials | Build established: Mutant 365 | -10/Materials | Lost 3 parts (1p1n1w) 645 | -10/Materials | Discovered new exit (range 4) 661 | -10/Materials | Discovered new exit (range 16) 863 | -10/Materials | Discovered new exit (range 6) 874 | -10/Materials | Entered Subcaves 975 | -10/Subcaves | Core integrity fell below 50% 1086 | -10/Subcaves | Crushed by falling debris 1086 | -10/Subcaves | Smashed by cave-in Last Messages --------------- 00953_ Found Mak. Hacking Suite. 00953_ Found 52 Matter. 00954_ Acquired 10 matter. 00959_ Dropped Hacking Suite. 00959_ Acquired Mak. Hacking Suite. 00959_ Dropped Datajack. 00960_ Acquired Datajack. 00961_ Dropped Datajack. 00962_ Acquired Hacking Suite. 00974_ Triggered Piercing Trap. 00974_ Spikes shoot up from the floor. 00974_ Critical hit (Impale). 00983_ UX-JB7(R) suffers critical hit (Burn). 00993_ UX-JB7(R) destroyed. 00997_ Acquired 12 matter. 01011_ Subatomizers dissect the Flamer. 01086_ The unstable cave ceiling collapses. 01086_ Crushed by falling debris. 01086_ Mining Laser destroyed. 01086_ System corrupted by crushing effect (+1). Map ----- +----------------------------------------------------+ | ????????????#"" ""##"|##? ????? ? | | ???????????##"%/% ##"%"## ## #?####? | | ???????????# " = "##&& ## #?# ### #?? | | ???????????# "% ## # #??# #??# | | ???????????# = #### ## #??# #??# | | ???????????#^ ##?# #" #??# #??# | | ???????????# "###??# #?## ### | | ???????????# "#????# ### | | ???????????# #??### #" ## #? | | ???????????# ####"" ###" # #? | | ???????????#" "# #""="## #? | | ???????????##" &%! #%[## #? | | ????????????##" ""!##""## ## | | ?????????????########## | | ????????????????#### ## | | ???????????????## ##### # | | ??????????????## ### #??######## | | ??????????????# ###?# #?????????? | | ??????????????# ##??# ### #?????????? | | ??????????????## # #??####?# ???????? | | ???????????????### #??????? ?????? | | ????????????????# ##??????? ## ????? | | ????????????????# #??????? ##?# ### ???? | | ????????????????# #?????? #????##???????? | | ????????????????# #?????? ??????????????? | | ????????????????###@##?????????????????????? | | ?????????????????# #?????????????????????? | | ?????????????????## ##?????????????????????? | | ??????????????????# #??????????????????????? | | ??????????????????###??????????????????????? | | ???????????????????????????????????????????? | | ???????????????????????????????????????????? | | ???????????????????????????????????????????? | | ???????????????????????????????????????????? | | ???????????????????????????????????????????? | | ???????????????????????????????????????????? | | ???????????????????????????????????????????? | | ???????????????????????????????????????????? | | ???????????????????????????????????????????? | | ???????????????????????????????????????????? | | ???????????????????????????????????????????? | | ???????????????????????????????????????????? | | ???????????????????????????????????????????? | | ???????????????????????????????????????????? | | ???????????????????????????????????????????? | | ???????????????????????????????????????????? | | ???????????????????????????????????????????? | | ???????????????????????????????????????????? | | ???????????????????????????????????????????? | | ???????????????????????????????????????????? | +----------------------------------------------------+ Best States ------------- Heat Dissipation 25 Energy Generation 10 Energy Capacity 125 Matter Stores 300 Matter Capacity 300 Sight Range 16 Terrain Scan Density 10 Armor Coverage 150 Evasion (%) 44 Item Schematics ----------------- None Robot Schematics ------------------ None Fabricated ------------ Nothing Repaired ---------- Nothing Alien Tech Used ----------------- None Achievements -------------- None Challenges ------------ None Game ------ Seed SmallChainInjector Manual? 0 Play Time 00:09:11 Cumulative 231.5 hours Start 2025.06.24 @ 02:42:10 End 2025.06.24 @ 02:50:01 Sessions 1 Manual Loads 0 Difficulty Rogue Special Mode None Game No. 222 Rogue 222 Adventurer 0 Explorer 0 Win Type - Total 1 Types 1/0/0/0/0/0/0/0/0/0 Lore% 58 Gallery% 60 Achievement% 47 Wizard Run 0 Options --------- Layout 2 ASCII 1 Keyboard 1 Movement Numpad Keybinds 0 Fullscreen 2 Font 32/TamsynBold Map View 50x44 Zoom Use 0% Tactical HUD 1 Map Filters NONE Filters NONE Steam 1 RUN: 5d6e22e1-4728-44eb-a541-9eea984d3970